 Seeded DCSS version 0.28.0-43-g3370ac3207 (webtiles) character file.

Game seed: 7121082916606783627 (custom seed)

49 gzilladon the Chopper (level 3, -6/33 HPs)
             Began as a Hill Orc Monk on Mar 29, 2022.
             Was a Believer of Beogh.
             Mangled by a worm (9 damage)
             ... on level 2 of the Dungeon.
             The game lasted 00:05:17 (1369 turns).

gzilladon the Chopper (Hill Orc Monk)               Turns: 1369, Time: 00:05:20

Health: -6/33      AC:  6    Str: 15    XL:     3   Next: 75%
Magic:  3/3        EV: 10    Int: 10    God:    Beogh [**....]
Gold:   68         SH:  0    Dex: 13    Spells: 2/2 levels left

rFire   . . .      SeeInvis .   a - +0 hand axe
rCold   . . .      Faith    .   (no shield)
rNeg    . . .      Spirit   .   f - +0 scale mail
rPois   .          Reflect  .   (no helmet)
rElec   .          Harm     .   (no cloak)
rCorr   .          Rampage  .   (no gloves)
Will    .....                   (no boots)
Stlth   ..........              (no amulet)
HPRegen 0.11/turn               (no ring)
MPRegen 0.08/turn               (no ring)

@: no status effects
A: no striking features
a: Renounce Religion, Smiting


You were on level 2 of the Dungeon.
You worshipped Beogh.
Beogh was pleased with you.
You visited 1 branch of the dungeon, and saw 3 of its levels.

You collected 68 gold pieces.

Inventory:

Hand Weapons
 a - a +0 hand axe (weapon)
Missiles
 d - 25 stones (quivered)
 e - a boomerang
 i - 5 poisoned darts
Armour
 b - a +0 robe
 c - a +0 leather armour
 f - a +0 scale mail (worn)
Scrolls
 g - 3 scrolls of identify {unknown}
 h - a scroll of summoning {unknown}
 j - a scroll of teleportation {unknown}
 k - a scroll of immolation {unknown}
 m - a scroll of torment {unknown}
 n - a scroll of blinking {unknown}
Potions
 l - a potion of attraction {unknown}


   Skills:
 + Level 4.3 Fighting
 * Level 4.8 Axes
 + Level 1.7 Armour
 + Level 2.5 Dodging
 + Level 1.5 Stealth


You had 2 spell levels left.
You didn't know any spells.
Your spell library was empty.

Dungeon Overview and Level Annotations

Branches:
Dungeon (3/15)

Altars:
Uskayaw

Shops:
D:1 *


Message History

You kill the hobgoblin!
Beogh accepts your kill.
You barely miss the adder. You barely miss the worm.
You feel sick. The worm bites you but does no damage.
The adder bites you but does no damage.
You hit the ball python.
You kill the ball python!
Beogh accepts your kill.
You hit the adder. You hit the worm.
You feel sick. The adder bites you but does no damage. The worm bites you.
You feel sick.
You are no longer poisoned.
The adder barely misses you. x2
The dart slug bites you but does no damage.
You see here 5 gold pieces.
You hit the dart slug.
The dart slug is moderately wounded.
You barely miss the adder. You hit the worm but do no damage.
The adder closely misses you. The worm bites you but does no damage.
The dart slug bites you but does no damage.
You slash the dart slug!
You kill the dart slug!
Beogh accepts your kill.
You hit the adder. You hit the worm. The adder bites you.
You are poisoned.
The adder poisons you! The worm barely misses you.
You closely miss the adder.
The adder is heavily wounded.
You hit the worm.
You feel sick.
The adder bites you but does no damage. x2
You miss the adder.
The adder is heavily wounded.
You hit the worm.
You feel sick. The adder bites you but does no damage. The worm bites you.
* * * LOW HITPOINT WARNING * * *
You closely miss the adder.
The adder is heavily wounded.
You hit the worm but do no damage.
You feel sick.
You are no longer poisoned.
The adder completely misses you. The adder barely misses you.
The worm bites you!
You die...

.. #. .#.....##.##<..........#
..###. (..##.......†..........#
......##.......................#
.w.>...........#..#.............
.....#..###....#....##.......###
........<#................#####
......#..#.##.#....######## ....
##....##..w...#
#..##.........S@###
#........###....# .#...#....#
#.##.# ....##..### #^ #..
....##..# .# #... ....##..# .#
#.... ....#...# .# #$....
....#...###.# .......
............# .#.w....S


You could see a worm and an adder.

Vanquished Creatures
  An adder (D:2)
  A dart slug (D:2)
  An orc (D:2)
  5 ball pythons
  2 bats (D:1)
  2 endoplasms
  A giant cockroach (D:1)
  5 goblins
  5 hobgoblins
  5 quokkas
  A frilled lizard (D:3)
  A kobold (D:1)
  A rat (D:1)
31 creatures vanquished.

Vanquished Creatures (others)
  An orc priest (D:3)
  2 orcs (D:3)
  2 plants (D:1)
5 creatures vanquished.

Grand Total: 36 creatures vanquished

Notes
Turn   | Place    | Note
-------+----------+-------------------------------------------
     0 | D:1      | gzilladon the Hill Orc Monk began the quest for the Orb.
     0 | D:1      | Reached XP level 1. HP: 19/19 MP: 1/1
   361 | D:3      | Reached XP level 2. HP: 22/27 MP: 2/2
   427 | D:3      | Found a hide-covered altar of Uskayaw.
   476 | D:3      | Became a worshipper of Beogh the Brigand
   476 | D:3      | Reached * piety under Beogh
   476 | D:3      | Reached ** piety under Beogh
   550 | D:2      | Reached skill level 1 in Armour
   568 | D:2      | Reached XP level 3. HP: 20/33 MP: 3/3
  1280 | D:1      | Found Rirorouf's Assorted Antiques.
  1369 | D:2      | Mangled by a worm

Illustrated notes

Levels and vault maps discovered:
D:1:      minmay_arrival_plants_in_alcoves, layout_rooms, serial_shops, shop,
          chequers_serial_rivers_large_b
D:2:      layout_rooms, hellmonk_ecumenical_altar_leap_of_faith,
          minmay_door_square, nicolae_concentric_dashed_squares_mild
D:3:      cheibrodos_fertilizer, layout_basic, lemuel_tele_altar,
          lemuel_zombie_altar_yredelemnul, serial_shops,
          nicolae_shop_behind_doors, serial_rivers,
          chequers_serial_rivers_small_a, chequers_serial_rivers_micro_c,
          chequers_serial_rivers_room_a, chequers_serial_rivers_micro_e,
          chequers_serial_rivers_small_a, kennysheep_generic_room_9

Skill      XL: |  1  2 |
---------------+-------+-----
Fighting       | 4 |  4.3
Armour         | 1 |  1.7
Axes           | |  4.8
Dodging        | |  2.5
Stealth        | |  1.5

Action                   || total
-------------------------++-------
Melee: Hand axe          ||    98
       Punch             ||     2
Invok: Convert to Beogh  ||     1
Armor: Scale mail        ||    56
       Leather armour    ||     3
Dodge: Dodged            ||    61
